[Event "Titled Tuesday Blitz July 11 Early 2023"]
[White "Kopczynski, Michal"]
[Black "Weishaeutel, Moritz"]
[WhiteFideId "1124200"]
[BlackFideId "12967300"]
[WhiteElo "2474"]
[BlackElo "2583"]
[Result "0-1"]
[Round "5"]
[TimeControl "180+2"]
[Date "2023.07.11"]
[WhiteClock "0:01:26"]
[BlackClock "0:02:00"]
[Board "90"]

1. e4 e5 2. Nf3 Nf6 3. Nc3 Nc6 4. Bb5 Bb4 5. d3 O-O 6. O-O d6 7. h3 Ne7 8. Bg5 Ng6 9. Nd5 Bc5 10. Nxf6+ gxf6 11. Bh6 c6 12. Bxf8 Qxf8 13. Ba4 Nf4 14. Nh4 Qh6 15. Nf5 Bxf5 16. exf5 Kh8 17. Qf3 Rg8 18. c3 Nxh3+ 0-1


[Site "https://www.chess.com"]

[Event "Titled Tuesday Blitz July 11 Early 2023"]
[White "Manukyan, Artyom"]
[Black "Balla, Tamas-Kristof"]
[WhiteFideId "13305786"]
[BlackFideId "1208497"]
[WhiteElo "2580"]
[BlackElo "2470"]
[Result "1-0"]
[Round "5"]
[TimeControl "180+2"]
[Date "2023.07.11"]
[WhiteClock "0:01:23"]
[BlackClock "0:00:17"]
[Board "91"]

1. e4 c5 2. Nc3 Nc6 3. Bb5 Nd4 4. Nf3 Nf6 5. O-O Nxb5 6. Nxb5 g6 7. d4 a6 8. Nc3 cxd4 9. Qxd4 d6 10. Rd1 Bg7 11. e5 Nd7 12. Bf4 O-O 13. Qd2 Qb6 14. Nd5 Qxb2 15. Nxe7+ Kh8 16. Rab1 Qxa2 17. exd6 Nc5 18. Bh6 Be6 19. Bxg7+ Kxg7 20. Qd4+ 1-0


[Site "https://www.chess.com"]

[Event "Titled Tuesday Blitz July 11 Early 2023"]
[White "Leebit02"]
[Black "gueraumasague"]
[WhiteElo "2578"]
[BlackElo "2467"]
[Result "0-1"]
[Round "5"]
[TimeControl "180+2"]
[Date "2023.07.11"]
[WhiteClock "0:00:00"]
[BlackClock "0:00:35"]
[Board "92"]

1. Nf3 g6 2. d4 Bg7 3. e4 c6 4. Nc3 d5 5. e5 Bg4 6. Be2 e6 7. Bg5 Qb6 8. Rb1 Nd7 9. O-O Ne7 10. Bxe7 Kxe7 11. b4 Bxf3 12. Bxf3 Qc7 13. Ne2 a5 14. b5 cxb5 15. Rxb5 Rhc8 16. c3 Kf8 17. Qb3 b6 18. Rc1 Kg8 19. Qb1 Bh6 20. Rc2 Qc4 21. h4 Rc7 22. g4 Qd3 23. Kg2 Rac8 24. g5 Bf8 25. Nf4 Qf5 26. Ne2 h6 27. Ng3 Qd3 28. Be2 Qxc3 29. Rxc3 Rxc3 30. gxh6 Bxh6 31. h5 Rc1 32. Qd3 R8c3 33. hxg6 Rxd3 34. gxf7+ Kxf7 35. Bxd3 Rd1 36. Rb3 Rd2 37. Bb5 Ke7 38. Ne2 Nf8 39. Rh3 Bg7 40. Rg3 Kf7 41. a4 Bh6 42. Rf3+ Ke7 43. Ng3 Bg5 44. Nh5 Ng6 45. Nf6 Nh4+ 46. Kg3 Nxf3 47. Kxf3 Bxf6 0-1


[Site "https://www.chess.com"]

[Event "Titled Tuesday Blitz July 11 Early 2023"]
[White "Streltsov, Alexey"]
[Black "Kukreja Sankalp"]
[WhiteFideId "24104434"]
[BlackFideId "45027676"]
[WhiteElo "2578"]
[BlackElo "2459"]
[Result "1-0"]
[Round "5"]
[TimeControl "180+2"]
[Date "2023.07.11"]
[WhiteClock "0:00:44"]
[BlackClock "0:00:00"]
[Board "93"]

1. d4 d5 2. Bf4 Nf6 3. e3 Bf5 4. f3 e6 5. g4 Bg6 6. h4 h5 7. g5 Nfd7 8. Bd3 Bxd3 9. Qxd3 g6 10. Nc3 Bg7 11. e4 Nc6 12. Nge2 O-O 13. O-O-O Nb6 14. Kb1 Nc4 15. a3 Rb8 16. Bc1 b5 17. exd5 exd5 18. Nf4 Nxd4 19. Ncxd5 Nf5 20. b3 Ne5 21. Qc3 Kh8 22. Nf6 Qe7 23. Rhe1 Rfe8 24. N4d5 Qf8 25. Nxe8 Rxe8 26. Nf6 Bxf6 27. gxf6 1-0


[Site "https://www.chess.com"]

[Event "Titled Tuesday Blitz July 11 Early 2023"]
[White "Andreev, Konstantin"]
[Black "Mmukka"]
[WhiteFideId "24239305"]
[WhiteElo "2577"]
[BlackElo "2458"]
[Result "1-0"]
[Round "5"]
[TimeControl "180+2"]
[Date "2023.07.11"]
[WhiteClock "0:00:13"]
[BlackClock "0:00:12"]
[Board "94"]

1. e4 c5 2. Nf3 e6 3. d4 cxd4 4. Nxd4 a6 5. Bd3 Bc5 6. Nb3 Ba7 7. Qg4 Nf6 8. Qg3 d6 9. Nc3 Nc6 10. Be3 Ne5 11. Bxa7 Rxa7 12. O-O-O b5 13. f4 Nxd3+ 14. Rxd3 Rd7 15. Qxg7 Rg8 16. Qh6 Rxg2 17. Nd4 Bb7 18. Rhd1 b4 19. e5 Rg6 20. Qh3 bxc3 21. exf6 cxb2+ 22. Kb1 Qxf6 23. f5 Rh6 24. Qg3 e5 25. Qg8+ Ke7 26. Nb3 Qxf5 27. Nc5 dxc5 28. Rxd7+ Qxd7 29. Rxd7+ Kxd7 30. Qxf7+ Kc8 31. Qf8+ Kc7 32. Qxh6 e4 33. Qxh7+ Kb6 34. Qe7 c4 35. h4 c3 36. h5 Bd5 37. Qd6+ Ka7 38. Qxd5 1-0


[Site "https://www.chess.com"]

[Event "Titled Tuesday Blitz July 11 Early 2023"]
[White "Zacurdajev, Dmitry"]
[Black "chess123456s"]
[WhiteFideId "4196309"]
[WhiteElo "2456"]
[BlackElo "2577"]
[Result "0-1"]
[Round "5"]
[TimeControl "180+2"]
[Date "2023.07.11"]
[WhiteClock "0:00:00"]
[BlackClock "0:01:01"]
[Board "95"]

1. d4 d5 2. c4 c6 3. Nc3 Nf6 4. Nf3 e6 5. Bg5 dxc4 6. e4 b5 7. e5 h6 8. Bh4 g5 9. Nxg5 hxg5 10. Bxg5 Nbd7 11. g3 Bb7 12. Bg2 Qb6 13. exf6 c5 14. d5 O-O-O 15. O-O b4 16. Na4 Qa6 17. a3 Bxd5 18. Bxd5 Ne5 19. axb4 Rxd5 20. Qe2 cxb4 21. Nc3 Qd6 22. Nxd5 Qxd5 23. f4 Bc5+ 24. Rf2 Nd3 25. Rf1 Bxf2+ 26. Rxf2 Qd4 0-1


[Site "https://www.chess.com"]

[Event "Titled Tuesday Blitz July 11 Early 2023"]
[White "Ergazakis, Ioannis"]
[Black "Shohat, Yotam"]
[WhiteFideId "4290976"]
[BlackFideId "2813955"]
[WhiteElo "2453"]
[BlackElo "2576"]
[Result "1-0"]
[Round "5"]
[TimeControl "180+2"]
[Date "2023.07.11"]
[WhiteClock "0:01:13"]
[BlackClock "0:00:00"]
[Board "96"]

1. e4 c5 2. Nf3 d6 3. d4 cxd4 4. Nxd4 Nf6 5. Nc3 a6 6. Be2 e5 7. Nb3 Be7 8. O-O O-O 9. Kh1 b5 10. a4 b4 11. Nd5 Bb7 12. Nxe7+ Qxe7 13. f3 a5 14. Be3 Nc6 15. Bb5 Qc7 16. Bg5 Ne7 17. Bxf6 gxf6 18. Qd2 Rad8 19. Qh6 Ng6 20. h4 Qxc2 21. Nxa5 Ba8 22. Rac1 Qxb2 23. Nc4 Qa2 24. Ne3 Kh8 25. h5 Rg8 26. Bc4 Qd2 27. Bxf7 b3 28. Bxg8 Rxg8 29. hxg6 Rxg6 30. Rc8+ 1-0


[Site "https://www.chess.com"]

[Event "Titled Tuesday Blitz July 11 Early 2023"]
[White "Tologon tegin, Semetei"]
[Black "Jimenez Ruano, Adrian"]
[WhiteFideId "13800574"]
[BlackFideId "22276050"]
[WhiteElo "2576"]
[BlackElo "2451"]
[Result "1-0"]
[Round "5"]
[TimeControl "180+2"]
[Date "2023.07.11"]
[WhiteClock "0:00:53"]
[BlackClock "0:00:00"]
[Board "97"]

1. Nf3 d5 2. b3 c5 3. Bb2 Nc6 4. g3 Nf6 5. Bg2 e6 6. c4 d4 7. e3 e5 8. exd4 exd4 9. O-O Be7 10. Re1 O-O 11. d3 h6 12. Nbd2 Bf5 13. Qb1 Re8 14. Ne5 Qc7 15. Nxc6 bxc6 16. Ne4 Nd7 17. Qc2 Bg6 18. Bc1 f5 19. Bf4 Qb6 20. Nd6 Bxd6 21. Bxd6 Nf6 22. h3 Qa5 23. Kf1 Rad8 24. Be5 f4 25. Bxc6 Re6 26. Bxf6 Rxf6 27. Bd5+ Rxd5 28. cxd5 fxg3 29. Re2 Qb5 30. Rd1 Bh5 31. Rdd2 Qd7 32. Kg2 Qxd5+ 33. Re4 Bf3+ 34. Kxg3 Qg5+ 35. Rg4 Bxg4 36. hxg4 Rf4 37. Qc4+ Kh7 38. Qe6 h5 39. f3 hxg4 40. Rh2+ 1-0


[Site "https://www.chess.com"]

[Event "Titled Tuesday Blitz July 11 Early 2023"]
[White "ArtemDyachuk"]
[Black "Nunez V, Gustavo Eduardo"]
[BlackFideId "4403690"]
[WhiteElo "2574"]
[BlackElo "2451"]
[Result "1-0"]
[Round "5"]
[TimeControl "180+2"]
[Date "2023.07.11"]
[WhiteClock "0:01:12"]
[BlackClock "0:00:49"]
[Board "98"]

1. e4 c5 2. Nf3 Nc6 3. Bb5 g6 4. O-O Bg7 5. c3 e5 6. d4 exd4 7. cxd4 Nxd4 8. Nxd4 cxd4 9. Bf4 a6 10. Ba4 b5 11. Bb3 d6 12. Qf3 Be6 13. Bxe6 fxe6 14. e5 dxe5 15. Qc6+ Kf7 16. Bg5 Qc8 17. Qf3+ Bf6 18. Nd2 h6 19. Ne4 hxg5 20. Nd6+ Kg7 21. Nxc8 Rxc8 22. Rac1 Ne7 23. Qb7 Rc4 24. Qxa6 Rhc8 25. Rxc4 bxc4 26. Qxe6 c3 27. bxc3 dxc3 28. Rc1 Rc6 29. Qb3 e4 30. a4 Nf5 31. Qb7+ Ne7 32. a5 Bd4 33. Qxe7+ Kh6 34. Qd8 Bg7 35. h4 c2 36. hxg5+ Kh5 37. g3 Bb2 38. Rxc2 Rxc2 39. Qd1+ Kxg5 40. Qxc2 Bc3 41. a6 Bd4 42. Qc4 Ba7 43. Qb5+ Kg4 44. Qd7+ Kf3 45. Qxa7 g5 46. Qe3+ Kg4 47. Qxe4+ Kh3 48. a7 g4 49. Qh7# 1-0


[Site "https://www.chess.com"]

[Event "Titled Tuesday Blitz July 11 Early 2023"]
[White "Zheenbekov, Nurgazy"]
[Black "Girya, Olga"]
[WhiteFideId "13800485"]
[BlackFideId "4195752"]
[WhiteElo "2444"]
[BlackElo "2574"]
[Result "1-0"]
[Round "5"]
[TimeControl "180+2"]
[Date "2023.07.11"]
[WhiteClock "0:00:02"]
[BlackClock "0:00:01"]
[Board "99"]

1. e4 e5 2. Nf3 Nc6 3. Bb5 a6 4. Ba4 Nf6 5. O-O Nxe4 6. d4 b5 7. Bb3 d5 8. dxe5 Be6 9. Nbd2 Be7 10. c3 Nc5 11. Bc2 d4 12. Nb3 d3 13. Bb1 Nxb3 14. axb3 Bf5 15. h3 O-O 16. Be3 Qd5 17. b4 Nxe5 18. Nxe5 Qxe5 19. Bxd3 Rfd8 20. Bd4 Qd5 21. Bxf5 Qxf5 22. Qe2 Bxb4 23. Rfe1 Bf8 24. b4 Rd6 25. Qe3 Re6 26. Qg3 Rxe1+ 27. Rxe1 Qd7 28. Qf3 Re8 29. Ra1 Re6 30. Qa8 Qc6 31. Qc8 Rg6 32. g3 Re6 33. Bc5 Re8 34. Qxa6 Re1+ 35. Rxe1 Qxa6 36. Re8 g6 37. Bxf8 f6 38. Bc5+ Kf7 39. Re7+ Kg8 40. Rxc7 Qa1+ 41. Kh2 Qxc3 42. Rc8+ Kf7 43. Rc7+ Ke6 44. Re7+ Kd5 45. Rxh7 Qc2 46. Rf7 Qf5 47. Rf8 Ke4 48. Re8+ Kd3 49. Re3+ Kd2 50. Re7 Kc3 51. h4 Qf3 52. Re8 f5 53. Re3+ Qxe3 54. fxe3 1-0


[Site "https://www.chess.com"]

[Event "Titled Tuesday Blitz July 11 Early 2023"]
[White "Begunov, Konstantin"]
[Black "Prestia, Paris"]
[WhiteFideId "4118510"]
[BlackFideId "30925959"]
[WhiteElo "2441"]
[BlackElo "2573"]
[Result "0-1"]
[Round "5"]
[TimeControl "180+2"]
[Date "2023.07.11"]
[WhiteClock "0:00:03"]
[BlackClock "0:00:22"]
[Board "100"]

1. d4 Nf6 2. c4 g6 3. f3 Bg7 4. e4 O-O 5. Nc3 d6 6. Be3 Nbd7 7. Nh3 a6 8. Qd2 c5 9. d5 b5 10. cxb5 Qa5 11. a4 Nb6 12. Nf2 Nfd7 13. Be2 Ne5 14. O-O Nbc4 15. Qc1 Nxe3 16. Qxe3 Qb4 17. Rfb1 Nc4 18. Qc1 axb5 19. Nxb5 Bd7 20. Qxc4 Qa5 21. Nd3 Rfb8 22. Kh1 Bxb5 23. axb5 Qxa1 24. Rxa1 Rxa1+ 25. Nc1 Bh6 26. Bf1 Rxc1 27. Qe2 Ra8 28. h4 Bf4 29. g3 Bxg3 30. Kg2 Bxh4 31. b6 Rb8 32. Qb5 Rc2+ 33. Kh3 Bf6 34. Qc6 Rxb2 35. b7 R2xb7 36. Ba6 Rb6 37. Qa4 Ra8 38. Qd7 Rbxa6 39. f4 Ra3+ 40. Kg4 h5# 0-1


[Site "https://www.chess.com"]

[Event "Titled Tuesday Blitz July 11 Early 2023"]
[White "Dinosaurio_1975"]
[Black "Khromkin, Andrey"]
[BlackFideId "4154126"]
[WhiteElo "2568"]
[BlackElo "2440"]
[Result "1-0"]
[Round "5"]
[TimeControl "180+2"]
[Date "2023.07.11"]
[WhiteClock "0:00:12"]
[BlackClock "0:00:00"]
[Board "101"]

1. e4 c5 2. Nf3 Nc6 3. Bb5 g6 4. O-O Bg7 5. c3 Nf6 6. Re1 O-O 7. h3 e5 8. d4 cxd4 9. cxd4 exd4 10. e5 Nd5 11. Bg5 Qb6 12. Bc4 Qc5 13. Bxd5 Qxd5 14. Nc3 Qa5 15. Ne4 h6 16. Nf6+ Kh8 17. Qc1 d6 18. Bxh6 dxe5 19. Qg5 Qd8 20. Qh4 Bxf6 21. Ng5 1-0


[Site "https://www.chess.com"]

[Event "Titled Tuesday Blitz July 11 Early 2023"]
[White "arenal72"]
[Black "Karttunen, Mika"]
[BlackFideId "502081"]
[WhiteElo "2428"]
[BlackElo "2568"]
[Result "0-1"]
[Round "5"]
[TimeControl "180+2"]
[Date "2023.07.11"]
[WhiteClock "0:00:52"]
[BlackClock "0:00:18"]
[Board "102"]

1. e4 c6 2. Nf3 d5 3. Nc3 Bg4 4. h3 Bxf3 5. Qxf3 e6 6. d3 Nf6 7. g4 Bb4 8. Bd2 d4 9. Nb1 Qb6 10. g5 Nfd7 11. Be2 Bxd2+ 12. Nxd2 Qxb2 13. Rb1 Qxc2 14. Bd1 Qxa2 15. Rxb7 O-O 16. h4 Nc5 17. Rc7 Nbd7 18. h5 Ne5 19. Qg3 Nexd3+ 20. Ke2 Nc1+ 21. Ke1 N5d3+ 22. Kf1 Qxd2 23. Kg2 Qf4 24. Qxf4 Nxf4+ 25. Kg3 e5 26. Bg4 Nce2+ 27. Kf3 d3 28. Ke3 Rad8 29. g6 fxg6 30. hxg6 Nxg6 31. Be6+ Kh8 32. Rxa7 Nef4 33. Bc4 d2 34. Raa1 Ng2+ 35. Ke2 N6f4+ 36. Kf3 h6 37. Kg3 Ne1 38. Rd1 Rd6 39. f3 Nc2 40. Kf2 Na3 41. Ba6 Nb5 42. Bxb5 cxb5 43. Rh2 Rc8 44. Kg3 Rc2 45. Rf2 b4 46. Rff1 b3 47. Rb1 b2 48. Kf2 Rc1 49. Rd1 Rxb1 50. Rxb1 d1=Q 0-1


[Site "https://www.chess.com"]

[Event "Titled Tuesday Blitz July 11 Early 2023"]
[White "KorolDimitriy75"]
[Black "Thecourseoisildur"]
[WhiteElo "2427"]
[BlackElo "2566"]
[Result "1-0"]
[Round "5"]
[TimeControl "180+2"]
[Date "2023.07.11"]
[WhiteClock "0:00:08"]
[BlackClock "0:00:00"]
[Board "103"]

1. d4 Nf6 2. c4 g6 3. Nc3 d5 4. cxd5 Nxd5 5. e4 Nxc3 6. bxc3 Bg7 7. Nf3 c5 8. Rb1 O-O 9. Be2 b6 10. O-O Bb7 11. Qd3 cxd4 12. cxd4 Nd7 13. Ba3 Nf6 14. d5 Qd7 15. Rfd1 Rfd8 16. h3 Rac8 17. Qe3 Qa4 18. Bxe7 Re8 19. Bb5 Qxd1+ 20. Rxd1 Rxe7 21. d6 Rxe4 22. Qb3 h6 23. d7 Rd8 24. Bc4 Re7 25. Qa3 Rexd7 26. Rxd7 Rxd7 27. Qxa7 Bxf3 28. Qb8+ Bf8 29. gxf3 Kg7 30. Qxb6 Bd6 31. Bb3 Be5 32. Qc6 Bf4 33. a4 Rc7 34. Qb5 Rc1+ 35. Kg2 Nh5 36. Qd5 Rc7 37. a5 Bg5 38. Qb5 Nf4+ 39. Kh2 1-0


[Site "https://www.chess.com"]

[Event "Titled Tuesday Blitz July 11 Early 2023"]
[White "infinitypoint"]
[Black "Matveeva, Olga"]
[BlackFideId "24107018"]
[WhiteElo "2565"]
[BlackElo "2427"]
[Result "1-0"]
[Round "5"]
[TimeControl "180+2"]
[Date "2023.07.11"]
[WhiteClock "0:00:21"]
[BlackClock "0:00:00"]
[Board "104"]

1. d4 Nf6 2. c4 e6 3. Nc3 Bb4 4. Qc2 d5 5. a3 Be7 6. cxd5 exd5 7. Bg5 O-O 8. e3 c6 9. Bd3 Nbd7 10. Nge2 a5 11. O-O Re8 12. f3 h6 13. Bh4 c5 14. dxc5 Bxc5 15. Nxd5 Bxe3+ 16. Nxe3 Rxe3 17. Rad1 Qe7 18. Bf2 Re6 19. Nd4 Re5 20. Nf5 Qf8 21. Bd4 Rd5 22. Bc4 Rxd4 23. Rxd4 Ne5 24. Nxh6+ gxh6 25. Qg6+ Nxg6 26. Rfd1 Qc5 27. Kh1 Bf5 28. h4 Re8 29. R1d2 Ne5 30. Be2 Qc1+ 31. Kh2 Qe1 32. Bb5 Qxh4+ 33. Rxh4 Rc8 34. Rf4 Rc5 35. Rxf5 Neg4+ 36. fxg4 Nxg4+ 37. Kg3 Rxf5 38. Bd7 Rg5 39. Bxg4 h5 40. Kh4 Rxg4+ 41. Kxh5 Rg3 42. Kh4 Rg6 43. g4 Kg7 44. Rd5 Rb6 45. Rxa5 Rxb2 46. Rd5 Ra2 47. Rd3 Ra1 48. Kg3 Ra2 49. Rb3 Ra1 50. Kf4 Ra2 51. Ke4 Ra1 52. Kd5 Rg1 53. Rb4 Ra1 54. a4 Kf6 55. Kd6 Kg5 56. Kc7 f5 57. gxf5 Kxf5 58. Kxb7 Ke6 59. Rd4 Ke5 60. Rb4 Kd6 61. Kb6 Kd7 62. Kb7 Ra2 63. Rd4+ Ke6 64. Kc6 1-0


[Site "https://www.chess.com"]

[Event "Titled Tuesday Blitz July 11 Early 2023"]
[White "Domingo Nunez, Alejandro"]
[Black "Stork, Oliver"]
[WhiteFideId "22245561"]
[BlackFideId "12955728"]
[WhiteElo "2564"]
[BlackElo "2426"]
[Result "0-1"]
[Round "5"]
[TimeControl "180+2"]
[Date "2023.07.11"]
[WhiteClock "0:00:00"]
[BlackClock "0:00:14"]
[Board "105"]

1. Nf3 d5 2. g3 Nd7 3. d4 Nb6 4. Bg2 Bf5 5. Nh4 Be4 6. f3 Bg6 7. O-O Nf6 8. Nxg6 hxg6 9. e4 e6 10. e5 Nfd7 11. c3 c5 12. f4 Rc8 13. a4 Nc4 14. b3 Na5 15. Kh1 cxd4 16. cxd4 Qb6 17. Nd2 Qxd4 18. Rb1 Qd3 19. Rf3 Qa6 20. b4 Nc4 21. b5 Qb6 22. Nxc4 Rxc4 23. Bd2 Be7 24. a5 Qd8 25. b6 axb6 26. axb6 O-O 27. Rfb3 Nc5 28. Rb5 Nd3 29. Be3 Nc5 30. Bf1 Rc3 31. Bd4 Ne4 0-1


[Site "https://www.chess.com"]

[Event "Titled Tuesday Blitz July 11 Early 2023"]
[White "Aggelis, Nikolaos"]
[Black "Yurasova, Daria"]
[WhiteFideId "4213220"]
[BlackFideId "34146919"]
[WhiteElo "2564"]
[BlackElo "2426"]
[Result "1/2-1/2"]
[Round "5"]
[TimeControl "180+2"]
[Date "2023.07.11"]
[WhiteClock "0:00:33"]
[BlackClock "0:00:48"]
[Board "106"]

1. c4 e5 2. g3 Nf6 3. Bg2 Be7 4. Nc3 O-O 5. e3 d6 6. Nge2 c6 7. O-O Be6 8. d3 d5 9. b3 Nbd7 10. Bb2 a5 11. cxd5 cxd5 12. d4 e4 13. Nf4 Qb6 14. Na4 Qa6 15. Rc1 Rac8 16. Nxe6 Qxe6 17. Qe2 h5 18. Qb5 h4 19. Qxb7 Rxc1 20. Rxc1 h3 21. Bf1 Qf5 22. Bc3 Ng4 23. Be1 Bg5 24. Bxh3 Ndf6 25. Rc2 Qh7 26. Bxg4 Nxg4 27. h4 Bxh4 28. gxh4 Qxh4 29. Qc7 Nxe3 30. fxe3 Qxe1+ 31. Kg2 Qxe3 32. Qc3 Qg5+ 33. Qg3 Qf6 34. Qe5 Qg6+ 35. Qg3 Qf6 36. Qe5 Qg6+ 37. Qg3 Qf6 1/2-1/2


[Site "https://www.chess.com"]

[Event "Titled Tuesday Blitz July 11 Early 2023"]
[White "Geivondian, Arman"]
[Black "Avila Jimenez, Xavier"]
[WhiteFideId "24102032"]
[BlackFideId "2210533"]
[WhiteElo "2562"]
[BlackElo "2425"]
[Result "1-0"]
[Round "5"]
[TimeControl "180+2"]
[Date "2023.07.11"]
[WhiteClock "0:01:20"]
[BlackClock "0:00:16"]
[Board "107"]

1. e4 d5 2. exd5 Qxd5 3. Nc3 Qd6 4. d4 Nf6 5. Nf3 c6 6. g3 Bf5 7. Bc4 h6 8. Bf4 Qb4 9. Bb3 Nbd7 10. a3 Qa5 11. O-O e6 12. Re1 Be7 13. Ne5 O-O 14. Qh5 Nxe5 15. Rxe5 Qd8 16. Rxf5 exf5 17. Rd1 Qd7 18. d5 cxd5 19. Nxd5 Nxd5 20. Rxd5 Qc6 21. Qxf5 Rad8 22. Rxd8 Bxd8 23. h4 Bc7 24. Be3 Bb6 25. Bd2 Qd6 26. Bf4 Qd1+ 27. Kg2 Qe2 28. Be5 Bxf2 29. Qxf2 Qxe5 30. Qxa7 Qe4+ 31. Kh2 Rd8 32. Qf2 Rd7 33. Qf4 Qe2+ 34. Kh3 Re7 35. a4 Qe1 36. Qf3 Kf8 37. Bd5 Qe5 38. b4 b6 39. c4 f5 40. a5 bxa5 41. bxa5 Ra7 42. Qa3+ Ke8 43. Qc5 Rc7 44. Qb5+ Ke7 45. a6 f4 46. Qb4+ Kf6 47. Qb6+ Ke7 48. a7 Qf5+ 49. Kg2 Qc2+ 50. Kf3 Qc3+ 51. Kxf4 Qf6+ 52. Qxf6+ gxf6 53. a8=Q 1-0


[Site "https://www.chess.com"]

[Event "Titled Tuesday Blitz July 11 Early 2023"]
[White "Estrada Nieto, Julian"]
[Black "Ganiev, Roman"]
[WhiteFideId "5101018"]
[BlackFideId "4131452"]
[WhiteElo "2421"]
[BlackElo "2561"]
[Result "0-1"]
[Round "5"]
[TimeControl "180+2"]
[Date "2023.07.11"]
[WhiteClock "0:00:00"]
[BlackClock "0:00:05"]
[Board "108"]

1. e4 c5 2. Nf3 d6 3. d4 cxd4 4. Qxd4 Nf6 5. Nc3 Nc6 6. Bb5 Bd7 7. Bxc6 Bxc6 8. Bg5 e6 9. O-O-O Be7 10. Rhe1 O-O 11. Kb1 h6 12. Bh4 a6 13. Qd2 Nxe4 14. Nxe4 Bxh4 15. Qxd6 Qxd6 16. Rxd6 Be7 17. Rdd1 Rfd8 18. Rxd8+ Rxd8 19. c3 g5 20. h3 Kg7 21. Kc2 f6 22. Nd4 Bd7 23. Ng3 Kf7 24. f3 Bd6 25. Ne4 Be5 26. Rd1 Bc8 27. Nc5 Bf4 28. Ne2 Bd6 29. Ne4 Be7 30. Rxd8 Bxd8 31. b4 e5 32. c4 Be6 33. Kc3 Be7 34. a3 b6 35. c5 b5 36. Kd3 f5 37. N4c3 Bc4+ 38. Kd2 Ke6 39. Nd1 Bd8 40. Nf2 a5 41. Nd3 axb4 42. axb4 Bc7 43. Nc3 h5 44. Nf2 Bd8 45. Nd3 g4 46. fxg4 h4 47. gxf5+ Kxf5 48. Nf2 Bg5+ 49. Kd1 Be3 50. Nce4 Bd4 51. Kd2 Kf4 52. c6 Be3+ 53. Kc3 Bb6 0-1


[Site "https://www.chess.com"]

[Event "Titled Tuesday Blitz July 11 Early 2023"]
[White "Rios Escobar, Adan"]
[Black "Bruedigam, Martin"]
[WhiteFideId "3403645"]
[BlackFideId "24608033"]
[WhiteElo "2411"]
[BlackElo "2551"]
[Result "0-1"]
[Round "5"]
[TimeControl "180+2"]
[Date "2023.07.11"]
[WhiteClock "0:00:09"]
[BlackClock "0:00:20"]
[Board "109"]

1. d4 Nf6 2. g3 d5 3. Nf3 Bf5 4. c4 c6 5. Nc3 e6 6. Nh4 Bg4 7. h3 Bh5 8. g4 Bg6 9. g5 Ne4 10. Nxg6 Nxc3 11. bxc3 hxg6 12. Qb3 b6 13. h4 Bd6 14. Bg2 Nd7 15. cxd5 cxd5 16. c4 dxc4 17. Qxc4 Rc8 18. Qb3 e5 19. Bd5 Qe7 20. Bb2 Kf8 21. Rd1 e4 22. Kf1 b5 23. Qe3 Rc2 24. Rc1 Rxc1+ 25. Bxc1 Nb6 26. Qxe4 Qc7 27. Bc6 Kg8 28. d5 Nc4 29. Qe8+ Kh7 30. h5 Rxe8 31. hxg6+ Kxg6 32. Bxe8 Ne5 33. Be3 Ng4 34. Bd4 Qc1+ 35. Kg2 Qxg5 36. Kf1 Qc1+ 37. Kg2 Qf4 38. Rh3 Qxd4 39. e3 Qxd5+ 40. Kg1 Nf6 41. Rh8 Qd1+ 42. Kg2 Nxe8 43. Rxe8 Qg4+ 44. Kf1 Bc5 45. Rh8 Qd1+ 46. Kg2 Qg4+ 47. Kf1 f6 48. Rh2 Bb4 49. Rg2 Kf5 50. Rxg4 Kxg4 51. Ke2 Bc5 52. f3+ Kf5 53. Kd3 g5 54. Ke2 Ke5 55. Kd3 f5 56. Ke2 a6 57. Kd3 f4 58. e4 Ba3 59. Kc3 Kd6 60. Kd4 Bb2+ 61. Kd3 Kc5 62. Kc2 Be5 63. Kd3 Kb4 64. Kc2 Ka3 65. Kb1 a5 66. Kc2 b4 67. Kb1 a4 68. Kc2 b3+ 69. axb3 axb3+ 70. Kb1 b2 71. Kc2 Ka2 72. Kd3 b1=Q+ 73. Kc4 Qf1+ 74. Kd5 Qxf3 75. Ke6 Kb3 76. Kf5 Kc4 77. Kg6 Kd4 78. Kf5 Bc7 79. Ke6 Ba5 80. Kd7 Qxe4 81. Kc8 Qe7 82. Kb8 Bb6 83. Kc8 Qc7# 0-1


[Site "https://www.chess.com"]

[Event "Titled Tuesday Blitz July 11 Early 2023"]
[White "Siniauski, Artsiom"]
[Black "Topalov, Aleksandar"]
[WhiteFideId "13512269"]
[BlackFideId "925659"]
[WhiteElo "2548"]
[BlackElo "2407"]
[Result "1-0"]
[Round "5"]
[TimeControl "180+2"]
[Date "2023.07.11"]
[WhiteClock "0:00:06"]
[BlackClock "0:00:00"]
[Board "110"]

1. e3 Nf6 2. d4 g6 3. Bd3 Bg7 4. f4 O-O 5. Nf3 d6 6. O-O Nbd7 7. Nc3 c5 8. Ne2 b6 9. c3 Bb7 10. Bd2 e5 11. fxe5 dxe5 12. Bc4 Ne4 13. a4 a6 14. Be1 Bh6 15. Qd3 Nd6 16. Bh4 e4 17. Qd1 g5 18. Bg3 exf3 19. Bxd6 fxe2 20. Qxe2 Nf6 21. Bxf8 Bxf8 22. Qf2 Bg7 23. dxc5 bxc5 24. Rad1 Qe7 25. Qg3 h6 26. Kh1 Rf8 27. Qd6 Qe4 28. Rd2 Qxc4 29. Rxf6 Bxf6 30. Qxf6 Qe4 31. h3 Qg6 32. Qe5 Qc6 33. Kg1 Re8 34. Qg3 Qe6 35. Kf2 Qf6+ 36. Kg1 Kg7 37. Rd7 Bc6 38. Rd6 1-0


[Site "https://www.chess.com"]

[Event "Titled Tuesday Blitz July 11 Early 2023"]
[White "Jaskolka, Tomasz"]
[Black "Romero Ruscalleda, Josep"]
[WhiteFideId "1170791"]
[BlackFideId "2231859"]
[WhiteElo "2545"]
[BlackElo "2400"]
[Result "0-1"]
[Round "5"]
[TimeControl "180+2"]
[Date "2023.07.11"]
[WhiteClock "0:00:13"]
[BlackClock "0:00:34"]
[Board "111"]

1. d4 g6 2. Nc3 Bg7 3. e4 d6 4. Bf4 a6 5. Nf3 b5 6. a3 Bb7 7. Bd3 Nd7 8. O-O c5 9. Be3 cxd4 10. Nxd4 Ngf6 11. f3 O-O 12. Kh1 Rc8 13. Nb3 Ne5 14. Qe2 Nxd3 15. cxd3 Nd7 16. d4 Nb6 17. Na5 Ba8 18. Rac1 Nc4 19. Nxc4 Rxc4 20. Rfd1 Qc7 21. Qd3 Rc8 22. Ne2 Rxc1 23. Rxc1 Qd7 24. Rxc8+ Qxc8 25. Qc3 Qxc3 26. bxc3 Kf8 27. Kg1 Ke8 28. Kf2 Kd7 29. Ke1 e6 30. Kd2 Bf8 31. Kc2 d5 32. exd5 Bxd5 33. Kb2 Bc4 34. Ng3 Bd6 35. Ne4 Bxh2 36. Nf6+ Ke7 37. Nxh7 f6 38. g4 g5 39. d5 Bxd5 40. Bd4 e5 41. Bc5+ Kf7 42. Nf8 Bxf3 43. Nd7 Bxg4 44. Nb8 Bc8 45. Nc6 g4 46. Kc2 g3 47. Nb4 g2 48. Nd5 Bf5+ 49. Kd2 Be4 50. Nc7 Bb7 51. Ke2 g1=Q 52. Bxg1 Bxg1 53. c4 bxc4 54. a4 Bb6 55. Nb5 axb5 56. axb5 Ke6 57. Kd2 Kd5 58. Kc3 Kc5 59. Kd2 Kxb5 60. Kc3 Kc5 61. Kd2 Kd4 62. Ke2 c3 63. Kd1 Kd3 64. Kc1 c2 65. Kb2 Kd2 66. Kb3 c1=Q 67. Kb4 Qc5+ 68. Ka4 Bc6+ 69. Kb3 Qc3+ 70. Ka2 Bd5+ 71. Kb1 Qc2+ 72. Ka1 Qa2# 0-1


[Site "https://www.chess.com"]

[Event "Titled Tuesday Blitz July 11 Early 2023"]
[White "Goswami, Vedant"]
[Black "Palencia Morales, Wilson Guillermo"]
[WhiteFideId "5003725"]
[BlackFideId "4401859"]
[WhiteElo "2383"]
[BlackElo "2542"]
[Result "1-0"]
[Round "5"]
[TimeControl "180+2"]
[Date "2023.07.11"]
[WhiteClock "0:00:23"]
[BlackClock "0:00:00"]
[Board "112"]

1. d4 Nf6 2. Nf3 c5 3. e3 g6 4. Be2 Bg7 5. O-O O-O 6. Nc3 d6 7. d5 Bg4 8. Nd2 Bxe2 9. Qxe2 a6 10. a4 Nbd7 11. a5 Ne8 12. Nc4 Nc7 13. e4 Nb5 14. Qd3 Nd4 15. Ne2 f5 16. exf5 Rxf5 17. c3 Nxe2+ 18. Qxe2 Rf7 19. Bg5 Ne5 20. Rfe1 h6 21. Bh4 g5 22. Bg3 Nxc4 23. Qxc4 Qd7 24. Re6 Rf6 25. Rae1 Rxe6 26. Rxe6 Rf8 27. Qe4 Rf7 28. h4 Bf6 29. hxg5 hxg5 30. Qg6+ Rg7 31. Qf5 Qa4 32. Re1 Qxa5 33. Bxd6 Qb6 34. Qe6+ Kh7 35. Qe4+ Kg8 36. Qe6+ Kh7 37. Qf5+ Kg8 38. Be5 1-0


[Site "https://www.chess.com"]